NYP
MINNESOTA (NYP) TWINS @ LOS ANGELES (NYP) ANGELS
09/07/2044
 
TOP OF THE 1ST
Minnesota (NYP) Twins batting - Pitching for Los Angeles (NYP) Angels : LHP Jon Curtis
Pitching: LHP Jon Curtis
Batting: LHB Chris Munguia 0-0: Called Strike
0-1: Ball
1-1: Ball
2-1: Ball
3-1: Ground out 4-3 (Groundball, 4M, EV 103.8 MPH)
Batting: RHB David Nardone 0-0: Called Strike
0-1: Ball
1-1: Swinging Strike
1-2: Foul Ball, location: 2F
1-2: Ball
2-2: Foul Ball, location: 2F
2-2: Strikes out swinging
Batting: RHB Michael McDonald 0-0: Ball
1-0: Ball
2-0: Foul Ball, location: 2F
2-1: Ball
3-1: Base on Balls
Batting: RHB Jose Nunez 0-0: Fly out, F8 (Line Drive, 8RD, EV 86.9 MPH)
Top of the 1st over - 0 runs, 0 hits, 0 errors, 1 left on base; Minnesota (NYP) 0 - Los Angeles (NYP) 0
BOTTOM OF THE 1ST
Los Angeles (NYP) Angels batting - Pitching for Minnesota (NYP) Twins : LHP Josh Armstrong
Pitching: LHP Josh Armstrong
Batting: RHB Jeff Long 0-0: Ball
1-0: Ball
2-0: Called Strike
2-1: Foul Ball, location: 2F
2-2: Ground out 6-3 (Groundball, 6, EV 105.0 MPH)
Batting: RHB John Beddow 0-0: Called Strike
0-1: Fly out, F3 (Line Drive, 3, EV 63.1 MPH)
Batting: RHB Randy Grewe 0-0: Ball
1-0: Ground out 3-1 (Groundball, 3L, EV 100.0 MPH)
Bottom of the 1st over - 0 runs, 0 hits, 0 errors, 0 left on base; Minnesota (NYP) 0 - Los Angeles (NYP) 0
TOP OF THE 2ND
Minnesota (NYP) Twins batting - Pitching for Los Angeles (NYP) Angels : LHP Jon Curtis
Batting: RHB Sean Gould 0-0: Called Strike
0-1: Ball
1-1: Ground out 4-3 (Groundball, 34, EV 107.5 MPH)
Batting: RHB Graham Calvert 0-0: Called Strike
0-1: Ball
1-1: Called Strike
1-2: Ball
2-2: SINGLE (Groundball, 34D, EV 108.1 MPH)
Batting: RHB Tony Crespo Balk!
Graham Calvert to second
0-0: Called Strike
0-1: Called Strike
0-2: Ball
1-2: Strikes out looking
Batting: RHB Kelly Watson 0-0: Swinging Strike
0-1: Ground out 5-3 (Groundball, 56, EV 81.3 MPH)
Top of the 2nd over - 0 runs, 1 hit, 0 errors, 1 left on base; Minnesota (NYP) 0 - Los Angeles (NYP) 0
BOTTOM OF THE 2ND
Los Angeles (NYP) Angels batting - Pitching for Minnesota (NYP) Twins : LHP Josh Armstrong
Batting: RHB Jon Griffin 0-0: Ball
1-0: Foul Ball, location: 2F
1-1: Foul Ball, location: 2F
1-2: Strikes out looking
Batting: SHB Conor Davies 0-0: Swinging Strike
0-1: Called Strike
0-2: Ball
1-2: Ball
2-2: Ball
3-2: Fly out, F4 (Line Drive, 4, EV 67.5 MPH)
Batting: RHB Steve Hughey 0-0: Ground out 6-3 (Groundball, 6, EV 90.6 MPH)
Bottom of the 2nd over - 0 runs, 0 hits, 0 errors, 0 left on base; Minnesota (NYP) 0 - Los Angeles (NYP) 0
TOP OF THE 3RD
Minnesota (NYP) Twins batting - Pitching for Los Angeles (NYP) Angels : LHP Jon Curtis
Batting: SHB Donell Burney 0-0: Ground out 5-3 (Groundball, 5L, EV 88.1 MPH)
Batting: LHB Chris Munguia 0-0: Ball
1-0: SINGLE (Groundball, 6MS, EV 68.8 MPH) (infield hit)
Batting: RHB David Nardone 0-0: Called Strike
0-1: Ball
1-1: Called Strike
1-2: Strikes out swinging
Batting: RHB Michael McDonald 0-0: Ball
1-0: Called Strike
1-1: Swinging Strike
1-2: Ball
Chris Munguia steals 2nd base
2-2: Strikes out swinging
Top of the 3rd over - 0 runs, 1 hit, 0 errors, 1 left on base; Minnesota (NYP) 0 - Los Angeles (NYP) 0
BOTTOM OF THE 3RD
Los Angeles (NYP) Angels batting - Pitching for Minnesota (NYP) Twins : LHP Josh Armstrong
Batting: RHB Jason Habeck 0-0: Ground out 6-3 (Groundball, 6, EV 111.3 MPH)
Batting: RHB Mario Velazquez 0-0: Ball
1-0: Ball
2-0: Called Strike
2-1: Foul Ball, location: 2F
2-2: Strikes out looking
Batting: RHB D.J. Martinez 0-0: Ball
1-0: Ball
2-0: Called Strike
2-1: Ball
3-1: Ground out 4-3 (Groundball, 4, EV 85.0 MPH)
Bottom of the 3rd over - 0 runs, 0 hits, 0 errors, 0 left on base; Minnesota (NYP) 0 - Los Angeles (NYP) 0
TOP OF THE 4TH
Minnesota (NYP) Twins batting - Pitching for Los Angeles (NYP) Angels : LHP Jon Curtis
Batting: RHB Jose Nunez 0-0: Foul Ball, location: 2F
0-1: Ball
1-1: Foul Ball, location: 2F
1-2: Ball
2-2: Strikes out swinging
Batting: RHB Sean Gould 0-0: Called Strike
0-1: Ball
1-1: Foul Ball, location: 2F
1-2: Ball
2-2: Foul Ball, location: 2F
2-2: Hit by Pitch
Batting: RHB Graham Calvert 0-0: Foul Ball, location: 2F
0-1: Fly out, F3 (Popup, 3F, EV 63.1 MPH)
Pitching: LHP Alex Pulido
Batting: RHB Tony Crespo 0-0: Ball
Sean Gould steals 2nd base
1-0: Fly out, F8 (Flyball, 89D, EV 98.1 MPH)
Top of the 4th over - 0 runs, 0 hits, 0 errors, 1 left on base; Minnesota (NYP) 0 - Los Angeles (NYP) 0
BOTTOM OF THE 4TH
Los Angeles (NYP) Angels batting - Pitching for Minnesota (NYP) Twins : LHP Josh Armstrong
Batting: RHB Jeff Long 0-0: Called Strike
0-1: Ball
1-1: Fly out, F8 (Line Drive, 8RM, EV 108.8 MPH)
Batting: RHB John Beddow 0-0: Ball
1-0: Foul Ball, location: 2F
1-1: Swinging Strike
1-2: Strikes out swinging
Batting: RHB Randy Grewe 0-0: Called Strike
0-1: SINGLE (Groundball, 56, EV 97.5 MPH)
Batting: RHB Jon Griffin 0-0: Ball
Randy Grewe steals 2nd base
1-0: Ball
2-0: Fly out, F7 (Line Drive, 7, EV 100.6 MPH)
Bottom of the 4th over - 0 runs, 1 hit, 0 errors, 1 left on base; Minnesota (NYP) 0 - Los Angeles (NYP) 0
TOP OF THE 5TH
Minnesota (NYP) Twins batting - Pitching for Los Angeles (NYP) Angels : LHP Alex Pulido
Batting: RHB Kelly Watson 0-0: Swinging Strike
0-1: Called Strike
0-2: Foul Ball, location: 2F
0-2: Ball
1-2: Strikes out looking
Batting: SHB Donell Burney 0-0: Called Strike
0-1: Foul Ball, location: 2F
0-2: Foul Ball, location: 2F
0-2: Ball
1-2: Ball
2-2: Strikes out swinging
Batting: LHB Chris Munguia 0-0: Called Strike
0-1: Called Strike
0-2: Ball
1-2: Reached on error, E3 (Line Drive, 3, EV 70.0 MPH)
Batting: RHB David Nardone 0-0: Called Strike
Chris Munguia steals 2nd base
0-1: Ball
1-1: Fly out, F7 (Flyball, 7D, EV 98.8 MPH)
Top of the 5th over - 0 runs, 0 hits, 1 error, 1 left on base; Minnesota (NYP) 0 - Los Angeles (NYP) 0
BOTTOM OF THE 5TH
Los Angeles (NYP) Angels batting - Pitching for Minnesota (NYP) Twins : LHP Josh Armstrong
Batting: SHB Conor Davies 0-0: Ground out 4-3 (Groundball, 4, EV 84.4 MPH)
Batting: RHB Steve Hughey 0-0: Called Strike
0-1: Ball
1-1: Foul Ball, location: 2F
1-2: Ball
2-2: Foul Ball, location: 2F
2-2: Ball
3-2: TRIPLE (Flyball, 8LXD, EV 103.1 MPH)
Batting: RHB Jason Habeck 0-0: Ball
1-0: Ground out 6-3 (Groundball, 56, EV 88.1 MPH)
Steve Hughey scores
Batting: RHB Mario Velazquez 0-0: Ground out 4-3 (Groundball, 4D, EV 107.5 MPH)
Bottom of the 5th over - 1 run, 1 hit, 0 errors, 0 left on base; Minnesota (NYP) 0 - Los Angeles (NYP) 1
TOP OF THE 6TH
Minnesota (NYP) Twins batting - Pitching for Los Angeles (NYP) Angels : LHP Alex Pulido
Batting: RHB Michael McDonald 0-0: Ball
1-0: Called Strike
1-1: Ball
2-1: Ball
3-1: Base on Balls
Batting: RHB Jose Nunez 0-0: Ball
1-0: Foul Ball, location: 2F
1-1: Swinging Strike
1-2: Foul Ball, location: 2F
1-2: Hit by Pitch
Michael McDonald to second
Batting: RHB Sean Gould 0-0: Called Strike
0-1: Fly out, F4 (Popup, 4, EV 75.6 MPH)
Batting: RHB Graham Calvert 0-0: Called Strike
0-1: Fly out, F8 (Flyball, 8RD, EV 91.3 MPH)
Pitching: RHP Joe Schuler
Batting: RHB Tony Crespo 0-0: Ball
1-0: Foul Ball, location: 2F
1-1: Called Strike
1-2: Ball
2-2: Foul Ball, location: 2F
2-2: Ball
3-2: Base on Balls
Michael McDonald to third
Jose Nunez to second
Batting: RHB Kelly Watson 0-0: Foul Ball, location: 2F
0-1: Called Strike
0-2: Foul Ball, location: 2F
0-2: Ball
1-2: Ball
2-2: Fielders Choice at 2nd, 6-4 (Groundball, 6, EV 86.3 MPH)
Top of the 6th over - 0 runs, 0 hits, 0 errors, 3 left on base; Minnesota (NYP) 0 - Los Angeles (NYP) 1
BOTTOM OF THE 6TH
Los Angeles (NYP) Angels batting - Pitching for Minnesota (NYP) Twins : LHP Josh Armstrong
Batting: RHB D.J. Martinez 0-0: Ball
1-0: SINGLE (Line Drive, 78S, EV 105.0 MPH)
Batting: RHB Jeff Long 0-0: Ball
1-0: Swinging Strike
1-1: Swinging Strike
1-2: Strikes out swinging
Batting: RHB John Beddow 0-0: Called Strike
0-1: Swinging Strike
0-2: Ball
1-2: Ball
2-2: Fielders Choice at 2nd, 5-4 (Groundball, 56S, EV 86.3 MPH)
Pitching: RHP Matt Lundy
Batting: RHB Randy Grewe 0-0: Foul Ball, location: 2F
0-1: Swinging Strike
0-2: Strikes out looking
Bottom of the 6th over - 0 runs, 1 hit, 0 errors, 1 left on base; Minnesota (NYP) 0 - Los Angeles (NYP) 1
TOP OF THE 7TH
Minnesota (NYP) Twins batting - Pitching for Los Angeles (NYP) Angels : RHP Joe Schuler
Batting: SHB Donell Burney 0-0: Ball
1-0: Called Strike
1-1: Called Strike
1-2: Strikes out swinging
Batting: LHB Chris Munguia 0-0: Called Strike
0-1: Ball
1-1: Ball
2-1: Foul Ball, location: 2F
2-2: Foul Ball, location: 2F
2-2: Foul Ball, location: 2F
2-2: Ground out 4-3 (Groundball, 34D, EV 105.6 MPH)
Batting: RHB David Nardone 0-0: Ball
1-0: Foul Ball, location: 2F
1-1: Foul Ball, location: 2F
1-2: Ball
2-2: Ground out 3-1 (Groundball, 34, EV 84.4 MPH)
Top of the 7th over - 0 runs, 0 hits, 0 errors, 0 left on base; Minnesota (NYP) 0 - Los Angeles (NYP) 1
BOTTOM OF THE 7TH
Los Angeles (NYP) Angels batting - Pitching for Minnesota (NYP) Twins : RHP Matt Lundy
Batting: RHB Jon Griffin 0-0: Ball
1-0: Ball
2-0: Ball
3-0: Called Strike
3-1: DOUBLE (Line Drive, 78M, EV 100.6 MPH)
Batting: SHB Conor Davies 0-0: Intentional Walk
Batting: RHB Steve Hughey 0-0: Called Strike
0-1: Grounds out, U3 (Groundball, 3L, EV 89.4 MPH)
Jon Griffin to third
Batting: RHB Jason Habeck 0-0: Intentional Walk
Batting: RHB Mario Velazquez 0-0: Ball
1-0: Foul Ball, location: 2F
1-1: Foul Ball, location: 2F
1-2: Foul Ball, location: 2F
1-2: SINGLE (Groundball, 56D, EV 107.5 MPH)
Jon Griffin scores
Conor Davies to third
Jason Habeck to second
Batting: RHB D.J. Martinez 0-0: Ball
1-0: Fly out, F7 (Flyball, 7LS, EV 95.0 MPH)
Batting: RHB Jeff Long 0-0: Swinging Strike
0-1: Ball
1-1: Swinging Strike
1-2: Ball
2-2: TRIPLE (Groundball, 3L, EV 110.0 MPH)
Conor Davies scores
Jason Habeck scores
Mario Velazquez scores
Batting: RHB John Beddow 0-0: Swinging Strike
0-1: DOUBLE (Groundball, 5L, EV 97.5 MPH)
Jeff Long scores
Batting: RHB Randy Grewe 0-0: Foul Ball, location: 2F
0-1: Ball
1-1: Ball
2-1: Foul Ball, location: 2F
2-2: Ball
3-2: Foul Ball, location: 2F
3-2: Base on Balls
Batting: RHB Jon Griffin 0-0: Ball
1-0: Ball
2-0: Foul Ball, location: 2F
2-1: Foul Ball, location: 2F
2-2: Fly out, F8 (Flyball, 8RXD, EV 98.8 MPH)
Bottom of the 7th over - 5 runs, 4 hits, 0 errors, 2 left on base; Minnesota (NYP) 0 - Los Angeles (NYP) 6
TOP OF THE 8TH
Minnesota (NYP) Twins batting - Pitching for Los Angeles (NYP) Angels : RHP Joe Schuler
Batting: RHB Michael McDonald 0-0: Ball
1-0: Ball
2-0: Ball
3-0: Foul Ball, location: 2F
3-1: Foul Ball, location: 2F
3-2: Base on Balls
Batting: RHB Jose Nunez 0-0: Ball
1-0: Called Strike
1-1: Foul Ball, location: 2F
1-2: Strikes out swinging
Pitching: LHP Brandon Davis
Batting: RHB Sean Gould 0-0: Called Strike
0-1: Foul Ball, location: 2F
0-2: Ball
1-2: Foul Ball, location: 2F
1-2: Foul Ball, location: 2F
1-2: Ball
2-2: DOUBLE (Line Drive, 78XD, EV 103.8 MPH)
Michael McDonald to third
Batting: RHB Graham Calvert 0-0: Called Strike
0-1: Ground out 4-3 (Groundball, 4, EV 101.9 MPH)
Michael McDonald scores
Sean Gould to third
Batting: RHB Tony Crespo 0-0: Called Strike
0-1: Foul Ball, location: 2F
0-2: Strikes out swinging
Top of the 8th over - 1 run, 1 hit, 0 errors, 1 left on base; Minnesota (NYP) 1 - Los Angeles (NYP) 6
BOTTOM OF THE 8TH
Los Angeles (NYP) Angels batting - Pitching for Minnesota (NYP) Twins : RHP Matt Lundy
Batting: SHB Conor Davies 0-0: Ball
1-0: SINGLE (Groundball, 4M, EV 96.9 MPH) (infield hit)
Batting: RHB Steve Hughey 0-0: Ball
1-0: SINGLE (Groundball, 6MD, EV 106.3 MPH)
Conor Davies to second
Batting: RHB Jason Habeck 0-0: Ball
1-0: Ball
2-0: Ball
3-0: Called Strike
3-1: Grounds into double play, 2-6-3 (Groundball, 13S, EV 72.5 MPH)
Conor Davies to third
Batting: RHB Mario Velazquez 0-0: Ball
1-0: Fly out, F8 (Flyball, 8RS, EV 74.4 MPH)
Bottom of the 8th over - 0 runs, 2 hits, 0 errors, 1 left on base; Minnesota (NYP) 1 - Los Angeles (NYP) 6
TOP OF THE 9TH
Minnesota (NYP) Twins batting - Pitching for Los Angeles (NYP) Angels : LHP Brandon Davis
Batting: RHB Kelly Watson 0-0: Foul Ball, location: 2F
0-1: Ball
1-1: Ball
2-1: Fly out, F3 (Line Drive, 3, EV 64.4 MPH)
Batting: SHB Donell Burney 0-0: SINGLE (Groundball, 6MD, EV 101.9 MPH)
Batting: LHB Chris Munguia 0-0: Fielders Choice at 2nd, 4-6 (Groundball, 4, EV 108.8 MPH)
Pitching: RHP Kevin Greene
Batting: RHB David Nardone 0-0: Ball
1-0: Ball
2-0: Swinging Strike
2-1: SINGLE (Groundball, 6MD, EV 106.9 MPH)
Chris Munguia to second
Batting: RHB Michael McDonald 0-0: Ball
1-0: Ball
2-0: Ball
3-0: Called Strike
3-1: Called Strike
3-2: Foul Ball, location: 2F
3-2: SINGLE (Groundball, 6MD, EV 103.8 MPH)
Chris Munguia to third
David Nardone to second
Chris Munguia scores
David Nardone to third
Batting: RHB Jose Nunez 0-0: Ball
1-0: Foul Ball, location: 2F
1-1: Ball
2-1: Swinging Strike
2-2: Foul Ball, location: 2F
2-2: Foul Ball, location: 2F
2-2: Ball
3-2: DOUBLE (Line Drive, 3D, EV 107.5 MPH)
David Nardone scores
Michael McDonald to third
Michael McDonald scores
Batting: RHB Sean Gould 0-0: Ball
1-0: Ball
2-0: Ball
3-0: Base on Balls
Pinch Runner at 2nd Gustavo Pacheco:
Batting: RHB Graham Calvert 0-0: Ball
1-0: SINGLE (Line Drive, 89S, EV 96.9 MPH)
Gustavo Pacheco to third
Sean Gould to second
Batting: RHB Tony Crespo 0-0: Foul Ball, location: 2F
0-1: Swinging Strike
0-2: Ground out 4-3 (Groundball, 4, EV 83.1 MPH)
Top of the 9th over - 3 runs, 5 hits, 0 errors, 3 left on base; Minnesota (NYP) 4 - Los Angeles (NYP) 6
Thursday, March 31st , 2022 - OOTP Baseball 22.12 Build 89